 Dungeon Crawl Stone Soup version 0.18.1-8-gdd0e5ea (webtiles) character file.

45 sugabear the Slasher (level 3, -9/18 HPs)
             Began as a Vine Stalker Gladiator on June 12, 2016.
             Mangled by Crazy Yiuf
             ... wielding a +4 quarterstaff of chaos
              (17 damage)
             ... on level 2 of the Dungeon.
             The game lasted 00:01:12 (879 turns).

sugabear the Slasher (Vine Stalker Gladiator)        Turns: 879, Time: 00:01:14

Health: -9/18      AC:  7    Str: 18    XL:     3   Next: 64%
Magic:  0/4        EV: 13    Int:  8    God:
Gold:   72         SH:  0    Dex: 14    Spells: 0 memorised, 2 levels left

rFire  . . .     SeeInvis .     a - +0 long sword
rCold  . . .     Gourm    .     b - +0 leather armour
rNeg   . . .     Faith    .     (no shield)
rPois  .         Spirit   +     c - +0 helmet
rElec  .         Dismiss  .     j - +0 cloak
rCorr  .         Reflect  .     n - +1 pair of gloves
SustAt .         Harm     .     (no boots)
MR     .....                    (no amulet)
Stlth  +.........               (no ring)
                                (no ring)

@: not resistant to hostile enchantments, very unstealthy
A: fangs 2, regeneration 1, magic shield, antimagic bite, no device heal 3, rot
immunity
a: no special abilities


You were on level 2 of the Dungeon.
You were not hungry.

You visited 1 branch of the dungeon, and saw 2 of its levels.

You collected 72 gold pieces.

Inventory:

Hand Weapons
 a - a +0 long sword (weapon)
 e - a +1 hand axe of electrocution
 q - a cursed -2 falchion
Missiles
 d - 3 throwing nets (quivered)
Armour
 b - a +0 leather armour (worn)
 c - a +0 helmet (worn)
 j - a +0 cloak (worn)
 n - a +1 pair of gloves (worn)
Jewellery
 g - an uncursed ring of protection from cold {unknown}
Scrolls
 k - a scroll of immolation {unknown}
 l - a scroll of identify {unknown}
 o - a scroll of amnesia {unknown}
Potions
 h - 2 potions of curing {unknown}
 i - 2 potions of flight {unknown}
 m - 2 potions of might {unknown}
 p - a potion of degeneration {unknown}
Comestibles
 f - a bread ration


   Skills:
 + Level 2.1 Fighting
 + Level 3.2 Long Blades
 + Level 2.0 Throwing
 + Level 0.2 Armour
 + Level 2.9 Dodging


You had 2 spell levels left.
You didn't know any spells.

Dungeon Overview and Level Annotations

Branches:
Dungeon (2/15)

Altars:
Elyvilon
Vehumet

Annotations:
D:2 Crazy Yiuf


Innate Abilities, Weirdness & Mutations

You have extremely sharp teeth.
Your natural rate of healing is unusually fast.
When hurt, damage is shared between your health and your magic reserves.
Your bite disrupts and absorbs the magic of your enemies.
Potions and wands cannot restore your health.
You are immune to rotting.


Message History

p - a puce potion You see here a runed falchion.
q - a runed falchion HP restored.
h - 2 pink potions (gained 1)
Found a mace.
Crazy Yiuf the Enlightened comes into view.
He is wielding a quarterstaff of chaos.
Crazy Yiuf is nearby!
Crazy Yiuf shouts!
Crazy Yiuf moves out of view.
No target in view!
You aren't carrying any items that you can evoke.
You hit Crazy Yiuf. Your bite misses Crazy Yiuf.
Crazy Yiuf is moderately wounded.
Crazy Yiuf hits you with a quarterstaff of chaos.
Crazy Yiuf hits you with a quarterstaff of chaos!
Ouch! That really hurt!
You are electrocuted!
Ouch! That really hurt!
You die...

###.##.........#############
###.###....................#
#..............###########.#
#..####...###### #.# ...
##### #.## ... #..# .♣. ####
♣♣###.# ... #)..#♣♣ ♣♣.#...#
._. #..g@.♣♣♣♣......#
#...#♣..♣......## ####
♣♣♣.♣..#.## ♣♣♣♣♣###


You could see Crazy Yiuf.

Vanquished Creatures
  Ijyb (D:2)
  2 dart slugs
  A giant gecko (D:1)
  A giant cockroach (D:2)
  3 hobgoblins
  A kobold (D:1)
  A quokka (D:2)
  A bat (D:1)
  2 goblins (D:1)
  2 rats (D:1)
15 creatures vanquished.

Notes
Turn   | Place    | Note
--------------------------------------------------------------
     0 | D:1      | sugabear the Vine Stalker Gladiator began the quest for the Orb.
     0 | D:1      | Reached XP level 1. HP: 11/11 MP: 2/2
   191 | D:1      | Reached XP level 2. HP: 15/15 MP: 3/3
   687 | D:2      | Reached skill level 3 in Long Blades
   732 | D:2      | Found a radiant altar of Vehumet.
   815 | D:2      | Noticed Ijyb
   829 | D:2      | Killed Ijyb
   829 | D:2      | Reached XP level 3. HP: 12/18 MP: 4/4
   834 | D:2      | Found a white marble altar of Elyvilon.
   875 | D:2      | Noticed Crazy Yiuf
   879 | D:2      | Mangled by Crazy Yiuf

Skill      XL: |  1  2 |
---------------+-------+-----
Throwing       | 2 |  2.0
Long Blades    | 3 |  3.2
Fighting       | 2 |  2.1
Armour         | |  0.2
Dodging        | |  2.9

Action                   || total
-------------------------++-------
Melee: Long sword        ||    35
       Bite              ||    11
 Stab: Sleeping          ||     1
Armor: Leather armour    ||     8
Dodge: Dodged            ||    18
